 Dungeon Crawl Stone Soup version 0.26.1-11-gd32895ea62 (webtiles) character file.

Game seed: 11470034483279476848

445 Eryximachus the Skirmisher (level 7, 0/46 HPs)
             Began as an Octopode Hedge Wizard on May 30, 2021.
             Slain by an orc
             ... wielding a +0 flail
              (2 damage)
             ... on level 5 of the Dungeon.
             The game lasted 00:11:28 (9768 turns).

Eryximachus the Skirmisher (Octopode Hedge Wizard)  Turns: 9768, Time: 00:11:28

Health: 0/46       AC:  2    Str:  9    XL:     7   Next: 3%
Magic:  1/11       EV: 13    Int: 19    God:
Gold:   96         SH:  0    Dex: 11    Spells: 4/12 levels left

rFire    + . .     SeeInvis .   o - +1 dagger (venom)
rCold    x . .     Faith    .   (no shield)
rNeg     . . .     Spirit   .   b - +1 hat
rPois    +         Reflect  .   (no amulet)
rElec    .         Harm     .   h - ring of poison resistance
rCorr    .         Rampage  .   n - ring of fire
Will     .....                  (no ring)
Stlth    +++.......             (no ring)
HPRegen  0.15/turn              (no ring)
MPRegen  0.12/turn              (no ring)
                                (no ring)
                                (no ring)

@: no status effects
A: almost no armour, stealthy swim, amphibious, 8 rings, constrict 8, camouflage
1, gelatinous body 1
a: no special abilities


You were on level 5 of the Dungeon.
You visited 1 branch of the dungeon, and saw 5 of its levels.

You collected 96 gold pieces.

Inventory:

Hand Weapons
 o - a +1 dagger of venom (weapon)
 r - the cursed +1 rapier "Killer Bee's Doom" {vorpal, *Contam rF+ rC+ rN+ Str+2, unknown}
   (You found it on level 4 of the Dungeon)

   It inflicts extra damage upon your enemies.
   It affects your strength (+2).
   It protects you from fire.
   It protects you from cold.
   It protects you from negative energy.
   It causes magical contamination when unequipped.
   It has a curse placed upon it.
Missiles
 g - 20 poisoned darts (quivered)
 q - 5 boomerangs
Armour
 b - a +1 hat (worn)
Jewellery
 h - a ring of poison resistance (left tentacle)
 n - a ring of fire (right tentacle)
Scrolls
 a - 2 scrolls of enchant weapon
 d - 2 scrolls of remove curse
 j - a scroll of enchant armour
 m - a scroll of blinking {unknown}
 t - a scroll of fear {unknown}
Potions
 c - 4 potions of heal wounds
 e - a potion of degeneration
 f - 2 potions of ambrosia
 i - 2 potions of attraction
 k - a potion of might {unknown}
 l - 4 potions of haste
 p - 2 potions of resistance {unknown}
 s - a potion of curing {unknown}


   Skills:
 * Level 3.3 Fighting
 - Level 2.0 Dodging
 - Level 3.0 Stealth
 - Level 3.0 Spellcasting
 - Level 3.0 Conjurations
 - Level 3.0 Summonings
 - Level 3.0 Translocations
 - Level 2.0 Air Magic
 - Level 2.0 Poison Magic


You had 4 spell levels left.
You knew the following spells:

 Your Spells              Type           Power        Failure   Level
a - Magic Dart            Conj           56%          4%          1
b - Call Imp              Summ           14%          7%          2
c - Blink                 Tloc           N/A          7%          2
d - Mephitic Cloud        Conj/Pois/Air  11%          19%         3

Your spell library contained the following spells:

 Spells                   Type           Power        Failure   Level
 Freeze                   Ice            8%           16%         1
 Slow                     Hex            2%           22%         2
 Conjure Flame            Conj/Fire      12%          24%         3
 Frozen Ramparts          Ice            4%           41%         3
 Ozocubu's Armour         Ice            2%           41%         3
 Hailstorm                Conj/Ice       8%           63%         4
 Summon Ice Beast         Ice/Summ       8%           63%         4


Dungeon Overview and Level Annotations

Branches:
Dungeon (5/15)
 Temple: D:4-7

Altars:
Fedhas
Trog


Innate Abilities, Weirdness & Mutations

You cannot wear most types of armour.
You are very stealthy in the water. (Stealth+)
You are amphibious.
You can wear up to eight rings at the same time.
You can use your tentacles to constrict eight enemies at once.
Your skin changes colour to match your surroundings (Stealth+).
Your rubbery body absorbs attacks. (AC +1, EV +1)


Message History

You feel a painful chill! The iceblast engulfs your crimson imp!
Your crimson imp is frozen!
Your crimson imp dies!
You hear a shout! x2
The orc hits you with a +0 flail!
* * * LOW HITPOINT WARNING * * *
You hit the orc. Your grab misses the orc.
The orc is heavily wounded.
The orc hits you with a +0 flail!
* * * LOW HITPOINT WARNING * * *
You hit the orc but do no damage.
The orc is poisoned.
Your grab misses the orc. You squeeze the orc, but do no damage.
The orc is heavily wounded.
Your crimson imp closely misses the orc.
Your white imp hits the orc but does no damage.
You closely miss the orc. You grab the orc.
The orc is heavily wounded.
You constrict the orc, but do no damage.
The orc hits you with a +0 flail.
You die...

#...#.... ..#
#......#####..# #
##...#....(....##
...##....##...<# .#
..........#...####...
............†)##....#
........####.).....#
.......## #........#
.....B. #55@.....#
............o......#
B....##..............
....# ...............
.... .#.....#..####.
#..... ..# .......
... ....... #...


You could see an orc (very poisoned), a friendly crimson imp (summoned) and a
friendly white imp (summoned).

Vanquished Creatures
  A scorpion (D:4)
  4 worker ants
  A hound skeleton (D:4)
  A howler monkey skeleton (D:4)
  4 adders
  2 worms (D:3)
  2 leopard geckos
  7 orcs
  4 bats
  3 giant cockroaches
  8 goblins
  4 hobgoblins
  5 kobolds
  A quokka (D:4)
  2 ball pythons (D:3)
  2 frilled lizards
  5 rats
56 creatures vanquished.

Vanquished Creatures (collateral kills)
  An ogre (D:4)
  A phantom (D:4)
  A water moccasin skeleton (D:4)
  2 hounds (D:4)
  A worker ant (D:4)
  5 adders
  2 worms (D:3)
  An orc (D:5)
  A hobgoblin (D:2)
  A bat (D:2)
16 creatures vanquished.

Vanquished Creatures (others)
  3 fungi (D:2)
  23 plants
26 creatures vanquished.

Grand Total: 98 creatures vanquished

Notes
Turn   | Place    | Note
-------+----------+-------------------------------------------
     0 | D:1      | Eryximachus the Octopode Hedge Wizard began the quest for
                  | the Orb.
     0 | D:1      | Reached XP level 1. HP: 11/11 MP: 4/4
  1341 | D:1      | Reached XP level 2. HP: 17/17 MP: 1/6
  1956 | D:2      | Found a blossoming altar of Fedhas.
  2391 | D:2      | Reached XP level 3. HP: 21/21 MP: 5/7
  2394 | D:2      | Learned a level 2 spell: Call Imp
  3181 | D:2      | Learned a level 2 spell: Blink
  4095 | D:3      | Reached XP level 4. HP: 27/27 MP: 5/8
  4224 | D:3      | Learned a level 3 spell: Mephitic Cloud
  4601 | D:3      | Found a faded altar of an unknown god.
  4698 | D:3      | Found a bloodstained altar of Trog.
  6916 | D:4      | Reached skill level 1 in Poison Magic
  6920 | D:4      | Reached skill level 1 in Air Magic
  6920 | D:4      | Reached XP level 5. HP: 23/31 MP: 1/9
  8013 | D:4      | Reached XP level 6. HP: 29/36 MP: 4/10
  8235 | D:4      | Noticed a phantom
  8321 | D:4      | Killed a phantom
  8322 | D:4      | Reached skill level 1 in Fighting
  8927 | D:4      | Got a crystal rapier
  9466 | D:5      | Entered Level 5 of the Dungeon
  9731 | D:5      | Reached XP level 7. HP: 38/46 MP: 2/11
  9766 | D:5      | HP: 2/46 [orc/+0 flail (7)]
  9768 | D:5      | Slain by an orc

Illustrated notes

Levels and vault maps discovered:
D:1:      nzn_arrival_crosshair, layout_basic
D:2:      layout_loops_ring, fedhas_altar_3
D:3:      kennysheep_six_static_rooms, layout_loops_corners,
          chequers_ecumenical_altar_lobes, dk_vineyard_2, bloody_trog
D:4:      layout_rooms, serial_bayou_lake_a
D:5:      layout_cave_pools, nicolae_dithmenos_through_a_glass_darkly,
          serial_shops, nicolae_shop_stone

Skill      XL: |  1  2  3  4  5  6 |
---------------+-------------------+-----
Stealth        | 3 |  3.0
Conjurations   | 2 3 |  3.0
Summonings     | 2 3 |  3.0
Poison Magic   | 1 2 |  2.0
Translocations | 2 3 |  3.0
Air Magic      | 1 2 |  2.0
Fighting       | 3 |  3.3
Dodging        | |  2.0
Spellcasting   | |  3.0

Action                   |  1- 3 |  4- 6 |  7- 9 || total
-------------------------+-------+-------+-------++-------
Melee: Dagger            |    23 |    87 |     5 ||   115
       Constrict         |     5 |    21 |     1 ||    27
       Tentacles         |     2 |     6 |     2 ||    10
 Cast: Magic Dart        |    33 |    33 |       ||    66
       Call Imp          |     7 |    48 |     3 ||    58
       Blink             |     1 |     5 |       ||     6
  Use: Scroll            |     5 |     5 |       ||    10
 Stab: Sleeping          |     4 |     1 |       ||     5
       Distracted        |       |     1 |       ||     1
Armor: Skin              |     8 |     9 |       ||    17
Dodge: Dodged            |    15 |    51 |     2 ||    68
